 Dungeon Crawl Stone Soup version 0.24-a0-614-geaf2f25 (webtiles) character file.

Game seed: 10563574974017273521, levelgen mode: deterministic

7975 Dorkslayer the Carver (level 11, -6/75 HPs)
             Began as an Octopode Fighter on Sept 12, 2019.
             Was an Elder of Dithmenos.
             Mangled by a troll (12 damage)
             ... on level 10 of the Dungeon.
             The game lasted 00:50:24 (10075 turns).

Dorkslayer the Carver (Octopode Fighter)           Turns: 10075, Time: 00:50:25

Health: -6/75      AC:  1    Str: 22 (23) XL:     11   Next: 23%
Magic:  25/25      EV: 15    Int: 16      God:    Dithmenos [****..]
Gold:   176        SH: 13    Dex: 15      Spells: 10/10 levels left

rFire    . . .     SeeInvis +   y - +4 falchion of Instinct {flame, *Noise rN+ MR+}
rCold    . . .     Gourm    .   b - +2 shield
rNeg     + + .     Faith    .   (helmet restricted)
rPois    +         Spirit   .   q - amulet "Kimioske" {RegenMP rPois Int+3 Dex-5 Stlth+}
rElec    .         Reflect  .   i - ring of resist corrosion
rCorr    +         Harm     .   z - ring of stealth
MR       ++...                  C - ring of magical power
Stlth    ++++++++++             E - ring of positive energy
HPRegen  0.22/turn              w - ring "Enysum" {rCorr Dex+4 Stlth+}
MPRegen  0.44/turn              G - ring "Omneurhe" {MR+ Dex+4}
                                O - ring of see invisible
                                (no ring)

@: mighty, hasted, wreathed by umbra, very quick
A: almost no armour, stealthy swim, amphibious, 8 rings, constrict 8, camouflage
1, clever 1, deterioration 1, gelatinous body 1, no potion heal 1
a: Shadow Step, Renounce Religion


You were on level 10 of the Dungeon.
You worshipped Dithmenos.
Dithmenos was greatly pleased with you.
You were very hungry.

You visited 1 branch of the dungeon, and saw 10 of its levels.

You collected 341 gold pieces.
You spent 165 gold pieces at shops.

Inventory:

Hand Weapons
 a - a +0 long sword
 y - the +4 falchion of Instinct (weapon) {flame, *Noise rN+ MR+}
   (You found it on level 6 of the Dungeon)

   It has been specially enchanted to burn those struck by it, causing extra
   injury to most foes and up to half again as much damage against particularly
   susceptible opponents.
   Big, fiery blades are also staple armaments of hydra-hunters.
   It protects you from negative energy.
   It affects your resistance to hostile enchantments.
   It may make noises in combat.
 K - a +0 mace
Missiles
 h - 3 datura-tipped darts
 j - 2 boomerangs (quivered)
 F - 21 poisoned darts
 H - 2 throwing nets
Armour
 b - a +2 shield (worn)
Jewellery
 i - a ring of resist corrosion (left tentacle)
 o - the ring of Ymay {rElec rF+ MR+ rCorr Str-4}
   (You found it on level 7 of the Dungeon)

   [ring of resist corrosion]

   It affects your strength (-4).
   It protects you from fire.
   It insulates you from electricity.
   It affects your resistance to hostile enchantments.
   It provides partial protection from all sources of acid and corrosion.
 q - the amulet "Kimioske" (around mantle) {RegenMP rPois Int+3 Dex-5 Stlth+}
   (You found it on level 7 of the Dungeon)

   [amulet of magic regeneration]

   It increases your magic regeneration.
   It affects your intelligence (+3).
   It affects your dexterity (-5).
   It protects you from poison.
   It makes you more stealthy.
 w - the ring "Enysum" (on tentacle) {rCorr Dex+4 Stlth+}
   (You found it on level 7 of the Dungeon)

   [ring of resist corrosion]

   It affects your dexterity (+4).
   It provides partial protection from all sources of acid and corrosion.
   It makes you more stealthy.
 z - a ring of stealth (right tentacle)
 C - a ring of magical power (on tentacle)
 E - a ring of positive energy (on tentacle)
 G - the ring "Omneurhe" (on tentacle) {MR+ Dex+4}
   (You found it on level 7 of the Dungeon)

   [ring of dexterity]

   It affects your dexterity (+4).
   It affects your resistance to hostile enchantments.
 I - an uncursed ring of see invisible
 O - a ring of see invisible (on tentacle)
Wands
 p - a wand of digging (1)
 r - a wand of iceblast (9)
 D - a wand of random effects (1)
Scrolls
 f - a scroll of magic mapping
 g - a scroll of fear
 l - 7 scrolls of remove curse
 n - a scroll of immolation {unknown}
 x - a scroll of enchant weapon {unknown}
 B - a scroll of amnesia
 J - a scroll of holy word {unknown}
 M - a scroll of silence {unknown}
Potions
 c - a potion of might
 e - a potion of lignification
 k - 3 potions of ambrosia
 t - a potion of flight
 u - 4 potions of curing
 v - a potion of brilliance
 A - 2 potions of invisibility
Comestibles
 d - 18 rations


   Skills:
 * Level 7.4 Fighting
 + Level 8.5 Long Blades
 + Level 3.3 Throwing
 + Level 6.0 Dodging
 - Level 6.8 Stealth
 + Level 6.2 Shields
 * Level 7.2 Invocations
 * Level 6.9 Evocations


You had 10 spell levels left.
You didn't know any spells.
Your spell library contained the following spells:

 Spells                   Type           Power        Failure   Level  Hunger
 Flame Tongue             Conj/Fire      #....        61%         1    ##.....
 Throw Flame              Conj/Fire      #.....       75%         2    ###....
 Conjure Flame            Conj/Fire      #.......     93%         3    ####...
 Inner Flame              Hex/Fire       #.......     93%         3    ####...
 Sticky Flame             Conj/Fire      #.......     100%        4    #####..
 Fireball                 Conj/Fire      #.........   100%        5    ######.


Dungeon Overview and Level Annotations

Branches:
Dungeon (10/15)            Temple (0/1) D:4            Lair (0/6) D:10
    Orc (0/2) D:10

Altars:
Ashenzari
Cheibriados
Dithmenos
Fedhas
Ru
Uskayaw
Wu Jian
Xom
Yredelemnul
Zin

Shops:
D:6 }}(::


Innate Abilities, Weirdness & Mutations

You cannot wear most types of armour.
You are very stealthy in the water. (Stealth+)
You are amphibious.
You can wear up to eight rings at the same time.
You can use your tentacles to constrict eight enemies at once.
Your skin changes colour to match your surroundings (Stealth+).
Your rubbery body absorbs attacks. (AC +1, EV +1)
Your mind is acute. (Int +2)
Your body sometimes deteriorates upon taking damage.
Potions are less effective at restoring your health.


Message History

The hippogriff bites you. The hippogriff pecks you!
* * * LOW HITPOINT WARNING * * *
You block the hippogriff's attack.
Your shield prevents you from hitting the hippogriff.
You squeeze the hippogriff.
The hippogriff is almost dead.
You block the hippogriff's attack. The hippogriff pecks you!
* * * LOW HITPOINT WARNING * * *
You block the hippogriff's attack.
Your system partially rejects the healing.
You feel better. The hippogriff bites you.
* * * LOW HITPOINT WARNING * * *
The hippogriff closely misses you. The hippogriff claws you.
* * * LOW HITPOINT WARNING * * *
You hit the hippogriff. You burn the hippogriff.
You kill the hippogriff!
Dithmenos accepts your kill.
Your Dodging skill increases to level 6!
You feel yourself speed up. The troll closely misses you. The troll claws you!
You die...

*,,,,**,*,,,,,,,*,,,,,,,,,,,,,
*,,,,*...,,,....,,,,,,*,,,*,,,
*,,,,,....*,...#,,,..,*,,,*,,,
*,,,,,....###..#,,...,*,,,,,,*
**,*,,.........##....**,**,,,,
*****..........#....,*,**,,,,
**............#,*,,,**,,,,
*,..#.........##*,****,,,,
**.......@.....#,,**,,,,,,
*...####T##.....,***,,,,,
**..**#....#**...,,,,,,*,,
****...###..#)# *,,.,,,,,**,,
***,,,.....##)..# *,,,,,,,,,,,,
*,,,,......)#...##*,,,,,,,,,,,,
***,,..............#*,,,,,,,,,,,,
,,*,,..........<..##,,.,,,,,,,,,,
,,,,,......<......###...,,,,,,,,,


You could see a troll.

Vanquished Creatures
  Harold (D:8)
  A hydra (D:7)
  A two-headed ogre (D:7)
  A komodo dragon (D:7)
  A troll (D:7)
  3 hippogriffs
  A vampire (D:10)
  A spriggan (D:7)
  A yak (D:7)
  A hungry ghost (D:10)
  2 black bears
  An orc warrior (D:8)
  3 phantoms
  4 sky beasts
  2 ice beasts
  2 necrophages
  3 centaurs
  4 ogres
  A crocodile (D:8)
  8 bullfrogs
  A wyvern zombie (D:9)
  A scorpion (D:9)
  5 killer bees (D:8)
  2 electric eels (D:6)
  5 wights
  3 howler monkeys (D:9)
  6 crimson imps
  A bullfrog zombie (D:7)
  2 bullfrog skeletons
  4 hounds
  2 orc priests (D:6)
  4 orc wizards (D:6)
  6 iguanas
  Terence (D:3)
  5 worker ants
  A killer bee zombie (D:9)
  2 hound zombies
  2 hound skeletons (D:4)
  A howler monkey zombie (D:9)
  2 worker ant zombies
  14 adders
  2 shadow imps
  3 adder skeletons
  3 dart slugs
  6 leopard geckos
  22 orcs
  8 giant cockroaches
  10 goblins
  7 hobgoblins
  12 jackals
  8 quokkas
  A ball python (D:1)
  12 bats
  13 frilled lizards
  9 kobolds
  A leopard gecko zombie (D:7)
  8 rats
237 creatures vanquished.

Notes
Turn   | Place    | Note
-------+----------+-------------------------------------------
     0 | D:1      | Dorkslayer the Octopode Fighter began the quest for the
                  | Orb.
     0 | D:1      | Reached XP level 1. HP: 16/16 MP: 1/1
   129 | D:1      | Reached XP level 2. HP: 21/21 MP: 2/2
   163 | D:1      | You fall into a shaft and drop 1 floor!
   242 | D:2      | Reached XP level 3. HP: 25/26 MP: 3/3
   756 | D:1      | Reached XP level 4. HP: 28/31 MP: 4/4
   887 | D:1      | Reached skill level 3 in Long Blades
  1163 | D:2      | Reached skill level 1 in Stealth
  1237 | D:2      | Found an ornate altar of the Wu Jian Council.
  1237 | D:2      | Found a hide-covered altar of Uskayaw.
  1237 | D:2      | Found a shadowy altar of Dithmenos.
  1244 | D:2      | Became a worshipper of Dithmenos the Shadowed
  1370 | D:2      | Found a sacrificial altar of Ru.
  1890 | D:3      | Noticed Terence
  1899 | D:3      | Killed Terence
  1899 | D:3      | Reached XP level 5. HP: 27/37 MP: 5/5
  2167 | D:3      | Reached * piety under Dithmenos
  2526 | D:4      | Reached skill level 1 in Invocations
  2526 | D:4      | Reached skill level 1 in Evocations
  2763 | D:4      | Reached XP level 6. HP: 28/43 MP: 5/7
  2800 | D:4      | Gained mutation: Your body sometimes deteriorates upon
                  | taking damage. [potion of mutation]
  2800 | D:4      | Gained mutation: Potions are less effective at restoring
                  | your health. [potion of mutation]
  2800 | D:4      | Gained mutation: Your mind is acute. (Int +2) [potion of
                  | mutation]
  3039 | D:4      | Found a staircase to the Ecumenical Temple.
  3215 | D:5      | Entered Level 5 of the Dungeon
  3874 | D:5      | Noticed a sky beast
  3879 | D:5      | Reached skill level 4 in Long Blades
  3900 | D:5      | Killed a sky beast
  3900 | D:5      | Reached XP level 7. HP: 19/48 MP: 8/8
  4335 | D:6      | Found Diowao's Weapon Shoppe.
  4345 | D:6      | Found Neolaiq's Book Shoppe.
  4380 | D:6      | Found Yjasup's Book Emporium.
  4388 | D:6      | Reached XP level 8. HP: 26/54 MP: 10/10
  4574 | D:6      | Reached skill level 5 in Long Blades
  4590 | D:6      | Found Hoceumn's Gadget Shoppe.
  4598 | D:6      | Bought a wand of iceblast (11) for 165 gold pieces
  4635 | D:6      | Reached ** piety under Dithmenos
  4825 | D:6      | Found Omairyxa's Gadget Shoppe.
  4845 | D:6      | Found a blossoming altar of Fedhas.
  4845 | D:6      | Found a shimmering altar of Xom.
  4850 | D:6      | Found a shattered altar of Ashenzari.
  4852 | D:6      | Found a snail-covered altar of Cheibriados.
  4853 | D:6      | Found a basalt altar of Yredelemnul.
  4889 | D:6      | Reached skill level 5 in Stealth
  4931 | D:6      | Reached skill level 5 in Fighting
  4984 | D:6      | Got a bloodstained falchion
  4985 | D:6      | Identified the +4 falchion of Instinct {flame, *Noise rN+
                  | MR+} (You found it on level 6 of the Dungeon)
  5088 | D:6      | Reached skill level 6 in Long Blades
  5094 | D:6      | Reached XP level 9. HP: 32/61 MP: 12/12
  6354 | D:7      | Found a shimmering altar of Xom.
  6447 | D:7      | Found a blossoming altar of Fedhas.
  6447 | D:7      | Noticed a komodo dragon
  6456 | D:7      | HP: 1/62 [komodo dragon (33)]
  6457 | D:7      | Noticed a troll
  6838 | D:7      | Killed a komodo dragon
  6838 | D:7      | Reached *** piety under Dithmenos
  6838 | D:7      | Reached skill level 5 in Invocations
  6838 | D:7      | Reached skill level 5 in Evocations
  7126 | D:7      | Noticed a five-headed hydra
  7153 | D:7      | Reached skill level 7 in Long Blades
  7160 | D:7      | Killed a one-headed hydra
  7160 | D:7      | Reached skill level 1 in Throwing
  7160 | D:7      | Reached skill level 5 in Dodging
  7160 | D:7      | Reached skill level 5 in Shields
  7160 | D:7      | Reached XP level 10. HP: 48/68 MP: 14/14
  7413 | D:7      | Noticed a two-headed ogre
  7421 | D:7      | Killed a two-headed ogre
  7588 | D:7      | Got a heavily runed pewter ring
  7589 | D:7      | Identified the ring of Ymay {rElec rF+ MR+ rCorr Str-4}
                  | (You found it on level 7 of the Dungeon)
  7593 | D:7      | Got a coiled diamond amulet
  7594 | D:7      | Identified the amulet "Kimioske" {RegenMP rPois Int+3 Dex-5
                  | Stlth+} (You found it on level 7 of the Dungeon)
  7602 | D:7      | Got a slimy marble ring
  7603 | D:7      | Identified the ring "Enysum" {rCorr Dex+4 Stlth+} (You
                  | found it on level 7 of the Dungeon)
  7606 | D:7      | Got a warped copper ring
  7607 | D:7      | Identified the ring "Omneurhe" {MR+ Dex+4} (You found it on
                  | level 7 of the Dungeon)
  7705 | D:8      | Found a glowing silver altar of Zin.
  8095 | D:8      | Noticed Harold
  8117 | D:8      | Killed Harold
  8540 | D:8      | Reached skill level 8 in Long Blades
  8654 | D:8      | Got an ancient falchion
  8660 | D:8      | Identified the cursed +1 falchion "Qycaytix" {flame,
                  | Fragile rElec rF+} (You found it on level 8 of the Dungeon)
  8853 | D:9      | Reached XP level 11. HP: 56/75 MP: 16/16
  9545 | D:9      | Reached **** piety under Dithmenos
  9976 | D:10     | Entered Level 10 of the Dungeon
  9976 | D:10     | Found a staircase to the Lair.
 10006 | D:10     | Found a staircase to the Orcish Mines.
 10075 | D:10     | Mangled by a troll

Levels and vault maps discovered:
D:1:      dpeg_arrival_three_smaller_balls, layout_loops_ring,
          minmay_lizard_pond
D:2:      layout_basic, marbit_many_paths, gammafunk_temple_overflow_claw,
          minmay_crystal_room
D:3:      layout_rooms, uniq_terence
D:4:      layout_basic, minmay_temple_entry_slanted, first_ration
D:5:      layout_loops_corners, kennysheep_opposing_triangles
D:6:      minmay_chambers_of_threes, layout_rooms,
          chequers_temple_overflow_minitemple, serial_shops, shop_statue, shop,
          kennysheep_mini_moat, shop, nicolae_shop_waterfront,
          hangedman_decor_peaks_small, kennysheep_decorative_pillar
D:7:      minmay_the_grid_triangle_9x9_recursive_2
          [minmay_the_grid_triangle_9x9_prize_special,
          minmay_the_grid_triangle_9x9_intruding_spiral,
          minmay_the_grid_triangle_9x9_shrine,
          minmay_the_grid_triangle_9x9_negative_grid], layout_basic,
          minmay_holes, the_bakery, xom_teletrap_fun
D:8:      layout_cave_pods, lemuel_crystal_altar, uniq_harold
D:9:      layout_grid_maze
D:10:     layout_cave_pools, lair_entry_dummy, orc_0_dummy, enter_bailey_2

Skill      XL: |  1  2  3  4  5  6  7  8  9 10 11 |
---------------+----------------------------------+-----
Long Blades    | 3 4 6 7 8 |  8.5
Stealth        | 1 2 3 4 5 6 |  6.8
Invocations    | 1 2 4 5 6 7 |  7.2
Evocations     | 1 2 3 4 5 6 |  6.9
Fighting       | 4 5 6 7 |  7.4
Dodging        | 4 5 6 |  6.0
Shields        | 4 5 6 |  6.2
Throwing       | 1 2 3 |  3.3

Action                   |  1- 3 |  4- 6 |  7- 9 | 10-12 || total
-------------------------+-------+-------+-------+-------++-------
Melee: Long sword        |    65 |   111 |    86 |       ||   262
       Constrict         |    22 |    32 |    35 |    29 ||   118
       Tentacles         |    15 |    18 |    36 |    42 ||   111
       Falchion          |       |       |    90 |   178 ||   268
Throw: Boomerang         |       |       |     7 |    47 ||    54
Evoke: Wand              |       |     2 |    22 |    19 ||    43
  Use: Scroll            |       |     7 |    11 |     6 ||    24
       Potion            |       |     1 |     5 |     4 ||    10
 Stab: Sleeping          |     5 |    14 |     6 |    13 ||    38
       Distracted        |       |     1 |     1 |     1 ||     3
  Eat: Chunk             |       |     9 |     8 |     6 ||    23
       Ration            |       |       |     1 |     1 ||     2
Armor: Skin              |     6 |     7 |     6 |     4 ||    23
Dodge: Dodged            |    29 |    52 |    79 |    73 ||   233
Block: Shield            |    36 |    46 |    77 |    88 ||   247
       Rpst.: Long sword |    10 |    21 |    15 |       ||    46
       Falchion          |       |       |     9 |    12 ||    21

Table legend:
 A = Non-vault XP
 B = Vault XP
 C = Vault XP percentage of total XP
 D = Non-vault monster count
 E = Vault monster count
 F = Vault count percentage of total count
                 A         B        C        D         E       F
            +---------+---------+-------+---------+---------+-------
      Total |    6845 |    4549 |  39.9 |     207 |      30 |  12.7
            +---------+---------+-------+---------+---------+-------
        D:1 |      48 |       5 |   9.4 |      29 |       5 |  14.7
        D:2 |     100 |       2 |   2.0 |      30 |       1 |   3.2
        D:3 |      46 |      32 |  41.0 |      15 |       1 |   6.2
        D:4 |     172 |       0 |   0.0 |      13 |       0 |   0.0
        D:5 |     578 |      25 |   4.1 |      16 |       2 |  11.1
        D:6 |    1161 |     401 |  25.7 |      28 |      10 |  26.3
        D:7 |     943 |    3079 |  76.6 |      19 |       9 |  32.1
        D:8 |    1443 |     970 |  40.2 |      23 |       1 |   4.2
        D:9 |    1424 |       0 |   0.0 |      24 |       0 |   0.0
       D:10 |     930 |      35 |   3.6 |      10 |       1 |   9.1
            +---------+---------+-------+---------+---------+-------
